 Dungeon Crawl Stone Soup version 0.18-a0-1293-g5a2c81a (webtiles) character file.

212 Tomstefer the Slasher (level 5, -4/42 HPs)
             Began as a Minotaur Gladiator on Feb 10, 2016.
             Slain by an ogre
             ... wielding a cursed -1 giant club
              (13 damage)
             ... on level 3 of the Dungeon.
             The game lasted 00:11:25 (3517 turns).

Tomstefer the Slasher (Minotaur Gladiator)          Turns: 3517, Time: 00:11:25

Health: -4/42      AC:  5    Str: 19    XL:     5   Next: 58%
Magic:  4/4        EV:  7    Int:  5    God:
Gold:   133        SH:  0    Dex: 12    Spells: 0 memorised, 4 levels left

rFire  . . .     SeeInvis .     w - +0 falchion
rCold  . . .     Gourm    .     i - +0 ring mail
rNeg   + . .     Faith    .     (no shield)
rPois  .         Spirit   .     c - +0 hat
rElec  .         Dismiss  .     (no cloak)
rCorr  .         Reflect  .     (no gloves)
SustAt .         Harm     +     (no boots)
MR     .....                    s - amulet of harm
Stlth  +.........               (no ring)
                                b - ring of positive energy

@: not resistant to hostile enchantments, very unstealthy
A: retaliatory headbutt, horns 2
a: no special abilities


You were on level 3 of the Dungeon.
You were very hungry.

You visited 1 branch of the dungeon, and saw 3 of its levels.

You collected 133 gold pieces.

Inventory:

Hand Weapons
 a - a +0 long sword
 w - a +0 falchion (weapon)
Missiles
 v - 2 throwing nets (quivered)
Armour
 c - a +0 hat (worn)
 i - a +0 ring mail (worn)
 n - a +0 plate armour
Jewellery
 b - a ring of positive energy (left hand)
 g - a +4 amulet of reflection
 q - an uncursed amulet of magic regeneration
 s - an amulet of harm (around neck)
Scrolls
 h - a scroll of remove curse
 o - a scroll of random uselessness {unknown}
 r - 2 scrolls of fog {unknown}
 t - a scroll of immolation {unknown}
Potions
 e - a potion of brilliance
 j - a potion of lignification {unknown}
 k - a potion of mutation {unknown}
 l - a potion of resistance {unknown}
 m - 2 potions of degeneration {unknown}
 p - a potion of haste {unknown}
Books
 u - a book of Flames

   Spells                             Type                      Level
   a - Flame Tongue                   Conjuration/Fire             1
   b - Throw Flame                    Conjuration/Fire             2
   c - Conjure Flame                  Conjuration/Fire             3
   d - Inner Flame                    Hexes/Fire                   3
   e - Sticky Flame                   Conjuration/Fire             4
   f - Fireball                       Conjuration/Fire             5
Comestibles
 d - 11 chunks of flesh
 f - 3 bread rations


   Skills:
 - Level 2.4 Fighting
 + Level 7.7 Long Blades
 - Level 2.0 Throwing
 - Level 3.2 Dodging


You had 4 spell levels left.
You didn't know any spells.

Dungeon Overview and Level Annotations

Branches:
Dungeon (3/15)

Altars:
Qazlal
Zin


Innate Abilities, Weirdness & Mutations

You reflexively headbutt those who attack you in melee.
You have a pair of horns on your head.


Message History

The ogre shouts!
There is an open door here.
There is an open door here.
There is an open door here.
There is an open door here.
An adder comes into view.
Things that are here:
a club; an orc skeleton
Items here: )) [ ÷ a dagger; a robe; a mace; an orc skeleton You see here an orc skeleton.
The ogre hits you with a giant club!
You are feeling very hungry.
There is a stone staircase leading down here.
The ogre hits you with a giant club. The ogre hits you with a giant club!
* * * LOW HITPOINT WARNING * * *
There is a stone staircase leading down here.
The ogre hits you with a giant club!
You die...

♣ #.#...#
#..#........<# ♣
#.##### ..#...#.#####
♣ #.# #.#.....# #.#
#.#.#########.# #.#
#.............# #.#
#....#...###### #.#
#....#..## #.#
#.#..############# ♣
#.# #.#.@............#
♣ #.#
#.#.O##########.## ♣
#.# #.#..........##.#
♣ #.#
#.#..........##.## ♣
##.#
#####.#...##.........#
♣ #..#
#....................#
#.##
#.###.#..###.######.##
#.#
#.###...............#
##.#
#.#...######.########


You could see an ogre.

Vanquished Creatures
  2 orc wizards (D:3)
  6 adders
  A shadow imp (D:3)
  An ooze (D:3)
  6 worms
  A giant gecko (D:2)
  7 orcs (D:3)
  5 giant cockroaches
  8 goblins
  8 hobgoblins
  6 jackals
  7 kobolds
  9 bats
  3 giant newts
  8 rats
78 creatures vanquished.

Notes
Turn   | Place    | Note
--------------------------------------------------------------
     0 | D:1      | Tomstefer the Minotaur Gladiator began the quest for the Orb.
     0 | D:1      | Reached XP level 1. HP: 18/18 MP: 0/0
   204 | D:1      | Reached skill level 4 in Long Blades
   274 | D:1      | Reached XP level 2. HP: 25/25 MP: 1/1
   728 | D:1      | Reached skill level 5 in Long Blades
  1051 | D:2      | Reached XP level 3. HP: 30/30 MP: 2/2
  1235 | D:2      | Found a stormy altar of Qazlal.
  1236 | D:2      | Found a glowing silver altar of Zin.
  1911 | D:3      | Reached XP level 4. HP: 35/37 MP: 3/3
  2126 | D:3      | Reached skill level 6 in Long Blades
  2474 | D:3      | Reached skill level 7 in Long Blades
  2474 | D:3      | Reached XP level 5. HP: 13/42 MP: 4/4
  2830 | D:3      | Noticed an ogre
  2833 | D:3      | HP: 1/42 [ogre/giant club (12)]
  3517 | D:3      | Slain by an ogre

Vault maps used:
D:1:      erik_arrival_blinker_ship, serial_co_window_serial,
          co_window_of_opportunity_a, co_window_paths_a, co_window_paths_b,
          co_window_paths_b, co_window_of_opportunity_a, co_window_paths_b,
          co_window_paths_a, co_window_2corner, co_window_unsneaky_path_d,
          co_window_corner_b, co_window_of_opportunity_c
D:2:      minitemple
D:3:      forest_paths, first_bread, kennysheep_another_room

Action                   |  1- 3 |  4- 6 || total
-------------------------+-------+-------++-------
Melee: Long sword        |    67 |    93 ||   160
Throw: Throwing net      |       |     3 ||     3
  Use: Scroll            |     5 |       ||     5
  Eat: Chunk             |     3 |     4 ||     7
